 Dungeon Crawl Stone Soup version 0.27.1-33-g824d729ab1 (webtiles) character file.

Game seed: 12143305959284174243

114 lordive the Shooter (level 4, -3/38 HPs)
             Began as a Minotaur Hunter on Dec 27, 2021.
             Slain by an iguana (8 damage)
             ... on level 4 of the Dungeon.
             The game lasted 00:03:22 (3117 turns).

lordive the Shooter (Minotaur Hunter)               Turns: 3117, Time: 00:03:22

Health: -3/38      AC: 11    Str: 18    XL:     4   Next: 66%
Magic:  3/3        EV:  7    Int:  8    God:
Gold:   134        SH:  0    Dex: 10    Spells: 3/3 levels left

rFire    . . .     SeeInvis .   c - +0 trident (vorpal)
rCold    . . .     Faith    .   (no shield)
rNeg     . . .     Spirit   .   q - +0 chain mail
rPois    .         Reflect  .   (helmet restricted)
rElec    .         Harm     .   (no cloak)
rCorr    .         Rampage  .   g - +1 pair of gloves
Will     .....                  (no boots)
Stlth    ..........             (no amulet)
HPRegen  0.12/turn              (no ring)
MPRegen  0.08/turn              (no ring)

@: no status effects
A: horns 2, retaliatory headbutt
a: no special abilities


You were on level 4 of the Dungeon.
You visited 1 branch of the dungeon, and saw 4 of its levels.

You collected 134 gold pieces.

Inventory:

Hand Weapons
 a - a +1 shortbow
 c - a +0 vorpal trident (weapon)
 i - a +0 war axe
 p - a +4 mace of protection
Missiles
 d - 20 arrows
Armour
 g - a +1 pair of gloves (worn)
 q - a +0 chain mail (worn)
Scrolls
 b - 2 scrolls of teleportation {unknown}
 h - 2 scrolls of enchant weapon {unknown}
 l - 5 scrolls of identify {unknown}
 m - a scroll of summoning {unknown}
 o - 2 scrolls of amnesia {unknown}
Potions
 e - a potion of might {unknown}
 f - a potion of degeneration {unknown}
 j - a potion of mutation {unknown}
 k - 2 potions of curing {unknown}
 n - a potion of ambrosia {unknown}
 r - 2 potions of cancellation {unknown}


   Skills:
 + Level 3.1 Fighting
 + Level 5.3 Bows
 + Level 2.4 Armour
 + Level 2.9 Dodging
 + Level 1.3 Stealth


You had 3 spell levels left.
You didn't know any spells.
Your spell library contained the following spells:

 Spells                   Type           Power      Damage    Failure   Level
 Shock                    Conj/Air       0%         1d3       99%         1
 Slow                     Hex            0%         N/A       100%        2
 Confusing Touch          Hex            0%         N/A       100%        3
 Swiftness                Air            0%         N/A       100%        3
 Vampiric Draining        Necr           0%         2d6       100%        3
 Airstrike                Air            0%         N/A       100%        4


Dungeon Overview and Level Annotations

Branches:
Dungeon (4/15)
 Temple: D:4-7

Altars:
Kikubaaqudgha
Vehumet


Innate Abilities, Weirdness & Mutations

You have a pair of horns on your head.
You reflexively headbutt those who attack you in melee.


Message History

No target in view!
No target in view!
No target in view!
No target in view!
No target in view!
No target in view!
No target in view!
No target in view!
No target in view!
Unknown command.
You reach to attack!
You hit the iguana.
The iguana is moderately wounded.
You barely miss the iguana.
The iguana is moderately wounded.
The iguana bites you!
You hit the iguana.
The iguana is heavily wounded.
The iguana bites you. x2
You are too injured to fight recklessly!
You are too injured to fight recklessly!
You are too injured to fight recklessly!
You are too injured to fight recklessly!
Your chain mail prevents you from hitting the iguana.
The iguana is heavily wounded.
The iguana bites you!
You hit the iguana but do no damage.
You headbutt the iguana, but do no damage.
The iguana is heavily wounded.
The iguana bites you.
* * * LOW HITPOINT WARNING * * *
Your chain mail prevents you from hitting the iguana.
Your headbutt misses the iguana.
The iguana is heavily wounded.
The iguana bites you.
* * * LOW HITPOINT WARNING * * *
The iguana barely misses you.
You hit the iguana.
The iguana is almost dead.
The iguana bites you!
You die...

##. #.. #.≈ ##.# #
... .#.#. #§######
...#.##l≈§§§≈#
......#@†§§§≈#
.........≈§≈≈#
......##†.§§§###
##........§≈≈§≈#
####.......§§≈≈≈≈≈
.....#..##.#......
.###....##.##..§..
####....# >####
#..####.#


You could see an iguana.

Vanquished Creatures
  A gnoll (D:1)
  3 adders
  3 worms
  3 dart slugs
  2 orcs
  6 bats
  6 endoplasms
  4 giant cockroaches
  4 goblins
  4 hobgoblins
  2 jackals (D:3)
  6 kobolds
  4 quokkas
  5 ball pythons
  2 frilled lizards
  4 rats (D:1)
59 creatures vanquished.

Vanquished Creatures (others)
  A human (D:3)
1 creature vanquished.

Grand Total: 60 creatures vanquished

Notes
Turn   | Place    | Note
-------+----------+-------------------------------------------
     0 | D:1      | lordive the Minotaur Hunter began the quest for the Orb.
     0 | D:1      | Reached XP level 1. HP: 18/18 MP: 0/0
   571 | D:1      | Reached XP level 2. HP: 25/25 MP: 1/1
   837 | D:1      | Reached skill level 5 in Bows
   837 | D:1      | Reached skill level 1 in Armour
   837 | D:1      | Reached XP level 3. HP: 23/30 MP: 2/2
   841 | D:1      | Reached skill level 1 in Stealth
  1978 | D:2      | Reached XP level 4. HP: 37/37 MP: 3/3
  2424 | D:3      | Found an ancient bone altar of Kikubaaqudgha.
  2429 | D:3      | Noticed a human
  2432 | D:3      | Killed a human
  2615 | D:3      | Found a faded altar of an unknown god.
  2667 | D:3      | Found a radiant altar of Vehumet.
  2962 | D:4      | Found Umul's General Store.
  3117 | D:4      | Slain by an iguana

Illustrated notes

Levels and vault maps discovered:
D:1:      minmay_arrival_widening_spiral_wide, layout_basic,
          minmay_misc_feat_hallway
D:2:      layout_loops_ring
D:3:      layout_loops_ring, mainiacjoe_overflow_cross_hatched,
          tgw_kikubaaqudgha, hellmonk_ecumenical_altar_dog_temple
D:4:      layout_loops_cross, nicolae_overflow_hidden_temple,
          trog_hazing_becter, kennysheep_little_box, minmay_temple_entry_glass,
          serial_shops, shop, grunt_decor_junction

Skill      XL: |  1  2  3  4 |
---------------+-------------+-----
Bows           | 5 |  5.3
Armour         | 1 2 |  2.4
Stealth        | 1 |  1.3
Fighting       | 3 |  3.1
Dodging        | |  2.9

Action                   |  1- 3 |  4- 6 || total
-------------------------+-------+-------++-------
Melee: War axe           |    92 |     4 ||    96
       Short sword       |     5 |       ||     5
       Headbutt          |    13 |     7 ||    20
       Trident           |       |    39 ||    39
       Mace              |       |    11 ||    11
 Stab: Sleeping          |     3 |     2 ||     5
Armor: Leather armour    |    46 |       ||    46
       Chain mail        |       |    20 ||    20
Dodge: Dodged            |    67 |    16 ||    83
